[Event "HUN-chT Youth-Children 2018"]
[Site "Zalakaros"]
[Date "2018.07.27"]
[Round "4"]
[White "Vadkerti, Vince"]
[Black "Gulacsi, Donat Ferenc"]
[Result "1/2-1/2"]
[ECO "B13"]
[WhiteElo "1299"]
[BlackElo "1610"]
[Annotator "NA"]
[PlyCount "86"]
[EventDate "2018.07.26"]
[EventType "team-tourn"]
[EventCountry "HUN"]
[SourceTitle "playchess.com"]
[Source "ChessBase"]
[SourceQuality "1"]
[TimeControl "5400+30"]

1. e4 c6 2. d4 d5 3. exd5 cxd5 4. Nf3 Nf6 5. Bg5 Bf5 6. Bxf6 exf6 7. Bb5+ Nd7 8. O-O Bb4 9. c3 Bd6 10. Re1+ Be6 11. Qa4 Be7 12. Bxd7+ Qxd7 13. Qxd7+ Kxd7 14. Nbd2 b5 15. Re3 Rhc8 16. a3 Rc7 17. Rae1 a5 18. Nh4 g6 19. Nf1 Rac8 20. R3e2 b4 21. axb4 axb4 22. cxb4 Rc2 23. Rxc2 Rxc2 24. Rb1 Bxb4 25. Nf3 Kc6 26. Ne3 Re2 27. Kf1 Rxe3 28. fxe3 Kb5 29. Ke2 Ka4 30. b3+ Ka3 31. Ra1+ Kxb3 32. Nd2+ Kc2 33. Ra2+ Kc1 34. Kd3 Bd7 35. Ra1+ Kb2 36. Rb1+ Ka3 37. Ra1+ Kb2 38. Rb1+ Ka3 39. Ra1+ Kb2 40. Rb1+ Ka3 41. Rb3+ Ka4 42. Rb1 Ka3 43. Nb3 Bf5+ {Nd2 Bd7} 1/2-1/2

[Event "HUN-chT Youth-Children 2018"]
[Site "Zalakaros"]
[Date "2018.07.27"]
[Round "4"]
[White "Kobol, Kitti"]
[Black "Herczeg, Viktoria"]
[Result "*"]
[ECO "C46"]
[WhiteElo "1224"]
[BlackElo "1238"]
[Annotator "NA"]
[PlyCount "25"]
[EventDate "2018.07.26"]
[EventType "team-tourn"]
[EventCountry "HUN"]
[SourceTitle "playchess.com"]
[Source "ChessBase"]
[SourceQuality "1"]
[TimeControl "5400+30"]

1. e4 e5 2. Nf3 Nc6 3. Nc3 Bc5 4. Bc4 d6 5. d3 Bg4 6. h3 Bh5 7. Bb5 Nge7 8. g4 Bg6 9. h4 f6 10. Bc4 h5 11. g5 fxg5 12. Nxg5 Qd7 13. Ne6 *

[Event "HUN-chT Youth-Children 2018"]
[Site "Zalakaros"]
[Date "2018.07.28"]
[Round "5"]
[White "Egyed, Judit"]
[Black "Acs, Marton"]
[Result "1-0"]
[ECO "C95"]
[WhiteElo "2171"]
[BlackElo "2204"]
[Annotator "ChessBase"]
[PlyCount "113"]
[EventDate "2018.07.26"]
[EventType "team-tourn"]
[EventCountry "HUN"]
[SourceTitle "playchess.com"]
[Source "ChessBase"]
[SourceQuality "1"]
[TimeControl "5400+30"]

1. e4 e5 2. Nf3 Nc6 3. Bb5 a6 4. Ba4 Nf6 5. O-O Be7 6. Re1 b5 7. Bb3 d6 8. c3 O-O 9. h3 Nb8 10. d4 Nbd7 11. Nbd2 Bb7 12. Bc2 c5 13. d5 c4 14. Nf1 Qc7 15. Ng3 Rfb8 16. Nf5 Bf8 17. Nh2 Nc5 18. Ng4 Ne8 19. Qf3 Kh8 20. h4 Bc8 21. h5 f6 22. Nge3 Bxf5 23. Nxf5 a5 24. Qg4 b4 25. Re3 b3 26. axb3 cxb3 27. Bb1 a4 28. Rg3 Qf7 29. Nh4 a3 30. Ng6+ Kg8 31. Rxa3 Rxa3 32. bxa3 b2 33. Be3 Rb3 34. Bxc5 dxc5 35. Nxf8 Kxf8 36. c4 Qb7 37. Qd1 Rb6 38. Rc3 Nd6 39. g3 Nxe4 40. Bxe4 b1=Q 41. Bxb1 Rxb1 42. Rc1 Rxc1 43. Qxc1 Qb3 44. h6 g5 45. a4 Qxa4 46. Qb1 Qxc4 47. Qb8+ Kf7 48. Qc7+ Kg6 49. Qg7+ Kh5 50. Qxh7 Qxd5 51. Qg7 Qd1+ 52. Kg2 Kg4 53. Qxf6 Qd3 54. Qf7 e4 55. h7 Qc3 56. h8=Q Qxh8 57. f3+ 1-0

[Event "HUN-chT Youth-Children 2018"]
[Site "Zalakaros"]
[Date "2018.07.28"]
[Round "5"]
[White "Pogany, Zsombor"]
[Black "Horvath, Balazs"]
[Result "1-0"]
[ECO "A01"]
[WhiteElo "2081"]
[BlackElo "2039"]
[Annotator "NA RC"]
[PlyCount "97"]
[EventDate "2018.07.26"]
[EventType "team-tourn"]
[EventCountry "HUN"]
[SourceTitle "playchess.com"]
[Source "ChessBase"]
[SourceQuality "1"]
[TimeControl "5400+30"]

1. b3 e5 2. Bb2 Nc6 3. e3 d5 4. Bb5 Bd6 5. f4 Qe7 (5... f6 $15) 6. Nf3 Bg4 7. fxe5 {[%emt 0:02:46] A01: Nimzowitsch-Larsen Opening} Bxe5 {[%emt 0:05:31] LiveBook: 9 Games} 8. Nxe5 $2 (8. Bxe5 $11 Bxf3 9. Qxf3 Qxe5 10. d4 (10. Nc3 Nf6 11. O-O O-O 12. Bxc6 bxc6 13. Qf4 Qe7 14. Rf3 Ne4 15. Nxe4 dxe4 16. Rf2 {1-0 (39) Rapport,R (2687)-Antipov,M (2511) Warsaw 2013})) 8... Bxd1 9. Nxc6 {[%emt 0:00:08] [#]} Qh4+ $146 ({Weaker is} 9... bxc6 10. Bxc6+ Kd8 11. Bxa8 $11) ({Predecessor:} 9... Qg5 $1 $17 10. O-O Nh6 11. Nxa7+ (11. Rxd1 a6 12. Ba4 b5 13. Nc3 bxa4 14. e4 O-O 15. Nxd5 {½-½ (23) Oliveira,C (2059)-Baptista,A (2025) Vila Real 2005}) 11... Ke7 12. Rxd1 Rxa7) 10. Kxd1 a6 11. Be2 Nf6 ({Besser ist} 11... Qg5 $11 12. Ne5 Nf6) 12. Ne5 Ne4 13. Nd3 (13. Nf3 $14 Qh6 14. Rf1) 13... O-O-O (13... Ng3 $5 14. Re1 Nxe2 15. Rxe2 Qxh2 16. Bxg7 Rg8 $15) 14. Bf3 ({But not} 14. Bxg7 Rhg8 $15) 14... f6 15. g3 Qh3 16. Nc3 Nxc3+ $2 (16... Qf5 $11 17. Ke2 Nxd2 18. Bxd5 Rxd5 19. Nxd5 Qxd5 20. Kxd2 Qg2+ 21. Kc3 Qc6+ 22. Kd2 Qg2+ 23. Kc3 Qc6+ 24. Kd2 Qg2+) 17. Bxc3 ({Doch nicht} 17. dxc3 $6 Rhe8 $11) 17... Qd7 18. Kc1 b6 19. Kb2 (19. a4 $18) 19... a5 20. Nf4 c6 21. Raf1 Kb7 22. h4 Rhf8 23. h5 h6 24. Ng6 Rfe8 25. g4 Ka7 26. Nh4 c5 27. Nf5 Rc8 28. a4 Red8 29. Be2 c4 30. Nd4 Re8 31. Rf5 Red8 32. Nb5+ Ka6 33. Bd4 Rc6 34. Nc3 Qf7 35. Rhf1 Qe6 36. Bf3 Rcd6 37. Nb5 Rc6 38. Bc3 Rcc8 39. Be2 Rd7 40. R1f4 Kb7 41. Rd4 Kb8 42. Bf3 Rcd8 43. Ka2 Qf7 44. Bb2 cxb3+ 45. cxb3 Qe7 46. Ba3 Qe6 47. Nc3 Rc8 48. Nxd5 $18 Rc2+ 49. Bb2 1-0

[Event "HUN-chT Youth-Children 2018"]
[Site "Zalakaros"]
[Date "2018.07.28"]
[Round "5"]
[White "Pasztor, Balazs"]
[Black "Kovacs, Gabor Etele"]
[Result "0-1"]
[ECO "B03"]
[WhiteElo "2072"]
[BlackElo "1999"]
[Annotator "NA RC"]
[PlyCount "92"]
[EventDate "2018.07.26"]
[EventType "team-tourn"]
[EventCountry "HUN"]
[SourceTitle "playchess.com"]
[Source "ChessBase"]
[SourceQuality "1"]
[TimeControl "5400+30"]

1. e4 Nf6 2. e5 Nd5 3. c4 Nb6 4. d4 d6 5. exd6 cxd6 6. Nc3 g6 7. Be3 Bg7 8. Rc1 O-O 9. b3 Bf5 10. h3 {[%emt 0:03:45] B03: Alekhine's Defence: Four Pawns Attack} (10. d5 e5 11. dxe6 Bxe6 12. Nge2 d5 13. c5 Nc6 14. Nd4 Bxd4 15. Bxd4 Re8 16. cxb6 Qh4 17. Ne2 axb6 {1-0 (38) Xiong,J (2618)-Kamsky,G (2678) Saint Louis 2016 CBM 172 [Mekhitarian,K]}) 10... d5 11. c5 Nc8 12. Nf3 Nc6 13. Be2 Be4 {[%emt 0:06:36] LiveBook: 8 Games} 14. O-O Bxf3 15. Bxf3 e6 16. g3 $146 (16. Ne2 $11) ({Predecessor:} 16. Qd2 N8e7 17. Ne2 Nf5 {0-1 (54) Frackowiak,O (2083)-Schlawin,M (2225) Greifswald 2002}) 16... N8e7 17. Ne2 Nf5 18. Qd2 Qf6 19. Rcd1 a5 20. Bg2 Nxe3 21. fxe3 Qd8 22. Nc3 b6 23. Na4 bxc5 24. Nxc5 Ra7 25. a3 Qb8 26. g4 Rc8 27. Rb1 Qb6 28. Rfc1 Bh6 29. h4 Bf8 30. b4 axb4 31. axb4 Rca8 32. b5 {[%emt 0:01:08] [#]} Ne5 $1 33. Na6 Nc4 (33... Nxg4 $19 {has better winning chances.} 34. Bh3 Nf6) 34. Rxc4 dxc4 35. Bxa8 Rxa8 36. Qa2 c3 37. Qb3 e5 38. Rf1 Ra7 39. Qxc3 Qxb5 40. Nc5 Qe2 41. Rf2 Qxg4+ 42. Kf1 Qxh4 43. Qb2 exd4 44. exd4 Re7 $19 (44... Bxc5 $142 45. dxc5 Qh1+ 46. Ke2 Re7+ 47. Kd3 Rd7+ 48. Kc3 Qe1+ 49. Qd2 Rxd2 50. Rxd2 Qe3+ 51. Rd3 Qxc5+ 52. Kb3 h5) 45. Kg2 Qg4+ 46. Kh2 Re3 0-1

[Event "HUN-chT Youth-Children 2018"]
[Site "Zalakaros"]
[Date "2018.07.28"]
[Round "5"]
[White "Pasti, Aron"]
[Black "Turcsanyi, Vince Gergo"]
[Result "1-0"]
[ECO "C74"]
[WhiteElo "2069"]
[BlackElo "1639"]
[Annotator "NA RC"]
[PlyCount "75"]
[EventDate "2018.07.26"]
[EventType "team-tourn"]
[EventCountry "HUN"]
[SourceTitle "playchess.com"]
[Source "ChessBase"]
[SourceQuality "1"]
[TimeControl "5400+30"]

1. e4 e5 2. Nf3 Nc6 3. Bb5 a6 4. Ba4 d6 {[%emt 0:00:22] LiveBook: 3832 Games} 5. c3 b5 6. Bc2 {[%emt 0:00:04] C74: Spanische Partie (Moderne Steinitz-Verteidigung)} g6 7. d4 (7. a4 Rb8 8. axb5 axb5 9. O-O Bg7 10. h3 Nf6 11. d4 O-O 12. Re1 Bb7 13. Bg5 {½-½ (31) Dominguez Perez,L (2713)-Ponomariov,R (2737) Nice 2010}) 7... Bg7 8. h3 h6 9. O-O Nge7 10. dxe5 $146 ({Vorgänger:} 10. a4 bxa4 11. Bxa4 O-O 12. dxe5 dxe5 13. Qe2 {½-½ (43) Kartal,K (2010)-Gulden,E (2180) Antalya 2017}) 10... Nxe5 11. Nxe5 Bxe5 12. f4 Bf6 13. f5 g5 14. Be3 Nc6 15. Bb3 Bb7 16. Bd4 $2 (16. Qh5 $14 {behält die Oberhand.} Ne5 17. Nd2) 16... Nxd4 17. cxd4 c5 18. dxc5 Bxb2 19. Nd2 Bxa1 ({But not} 19... dxc5 20. Bxf7+ Kf8 21. Bd5 $17) 20. Qxa1 O-O 21. cxd6 Qxd6 22. Re1 $2 (22. Rf2 Rae8 23. Re2) 22... Rad8 (22... Qxd2 $142 23. Kh1 Rac8) 23. Nf3 Qf4 $2 (23... Rfe8 $19 24. Qb1 Qc6) 24. Qf6 Rd6 $2 (24... Qd6 $11 25. Be6 Kh7) 25. Qe7 Bc6 26. Ne5 Rd7 27. Nxd7 Bxd7 28. Qxd7 Qg3 29. Qd2 Qe5 30. Qd5 Qc3 31. Rd1 g4 32. Qd4 Qc7 33. hxg4 Qg3 34. e5 Kh7 35. f6 Kh8 36. Bc2 Rg8 37. Qd3 Qxd3 38. Rxd3 1-0

[Event "HUN-chT Youth-Children 2018"]
[Site "Zalakaros"]
[Date "2018.07.28"]
[Round "5"]
[White "Diller, Denis"]
[Black "Dibusz, Domonkos"]
[Result "1/2-1/2"]
[ECO "E11"]
[WhiteElo "2057"]
[BlackElo "2076"]
[Annotator "NA RC"]
[PlyCount "96"]
[EventDate "2018.07.26"]
[EventType "team-tourn"]
[EventCountry "HUN"]
[SourceTitle "playchess.com"]
[Source "ChessBase"]
[SourceQuality "1"]
[TimeControl "5400+30"]

1. d4 Nf6 2. c4 e6 3. Nf3 Bb4+ 4. Bd2 a5 {[%emt 0:00:05] LiveBook: 2462 Games} 5. a3 Bxd2+ 6. Nbxd2 d5 7. e3 {[%emt 0:00:04] E11: Bogo-Indian} b6 (7... a4 8. Bd3 O-O 9. O-O c5 10. dxc5 Nbd7 11. b4 axb3 12. Nxb3 dxc4 13. Bxc4 Qe7 14. Qd4 e5 {1-0 (80) Gretarsson,H (2559)-Tan,J (2417) Benasque 2015}) 8. Bd3 Bb7 9. O-O O-O 10. Qc2 Nbd7 11. b4 c5 ({Black should try} 11... dxc4 $11 12. Qxc4 c5) 12. bxc5 bxc5 13. cxd5 exd5 14. dxc5 $146 ({Predecessor:} 14. Rab1 Ba6 15. Bxa6 Rxa6 16. dxc5 {½-½ (35) Liedl,W (2230)-Thaler,H Austria 1995}) 14... Rc8 15. Nb3 a4 16. Nbd4 Nxc5 {[%emt 0:00:52] [#]} 17. Bf5 $1 Nb3 (17... Nfd7 $16) 18. Bxc8 Nxa1 19. Rxa1 Qxc8 20. Qxa4 Qc3 21. Rb1 Bc8 22. Qb4 Qd3 (22... Qc4 $142 23. Ne5 Qa2) 23. a4 Re8 24. a5 Ba6 25. h3 h6 $1 $11 26. Nc6 Ne4 27. Ncd4 $2 ({White should try} 27. Qb2 $18) 27... Nc3 $2 28. Rc1 Ne4 {[%emt 0:04:04] [#]} 29. Ne5 $1 Qd2 30. Qxd2 Nxd2 31. Nec6 Kf8 32. Rd1 Nc4 33. Rb1 Rc8 $18 34. Nb8 Nd2 35. Rd1 Rxb8 36. Rxd2 Rb1+ 37. Kh2 Ra1 38. Nb3 Ra3 39. Nc5 Bc4 40. Nb7 Ba6 41. Nc5 Bc4 42. Nd7+ Ke8 43. Nb6 Rxa5 44. e4 Rb5 45. Nxd5 Bxd5 46. exd5 Kd7 47. Kg3 Kd6 48. f3 Ke5 1/2-1/2

[Event "HUN-chT Youth-Children 2018"]
[Site "Zalakaros"]
[Date "2018.07.28"]
[Round "5"]
[White "Hegedus, Dominik"]
[Black "Juhasz, Adam"]
[Result "1-0"]
[ECO "B00"]
[WhiteElo "2005"]
[BlackElo "1929"]
[Annotator "NA RC"]
[PlyCount "75"]
[EventDate "2018.07.26"]
[EventType "team-tourn"]
[EventCountry "HUN"]
[SourceTitle "playchess.com"]
[Source "ChessBase"]
[SourceQuality "1"]
[TimeControl "5400+30"]

1. e4 b6 2. d4 Bb7 3. Nc3 e6 4. Bd3 Bb4 {[%emt 0:00:40] LiveBook: 31 Games} 5. Nge2 Nf6 6. a3 Be7 7. O-O O-O 8. Ng3 {[%emt 0:03:45] B00: Queen's Fianchetto Defence, Nimzowitsch Defence} (8. e5 Nd5 9. Nxd5 Bxd5 10. c4 Bb7 11. f4 f5 12. d5 Bc5+ 13. Kh1 a5 14. Nc3 Na6 15. Be2 Qe7 {1-0 (38) Teodoro,E (2401)-Dutton,W (2025) Toronto 1999}) 8... Ba6 $146 (8... d6 $14) ({Predecessor:} 8... c5 9. d5 h6 10. Bc4 exd5 11. Nxd5 Nxd5 12. Bxd5 Bxd5 13. Qxd5 Na6 14. Rd1 Bf6 15. c3 Re8 {1-0 (31) Gevorgyan,A (1723)-Avagyan,G (1477) Yerevan 2017}) 9. e5 Bxd3 10. Qxd3 Nd5 (10... Ne8 $1 $14) 11. Nxd5 exd5 12. Nf5 d6 $2 {[%emt 0:16:11] [#]} (12... Kh8 $16 {war nötig.} 13. Qg3 Rg8) 13. Qg3 (13. Bh6 $142 $1 gxh6 14. Qg3+ Bg5 15. f4) 13... g6 14. Bh6 dxe5 15. Nxe7+ ({Weaker is} 15. Qxe5 Bf6 $14) ({Much less strong is} 15. dxe5 $6 Re8 $16) 15... Qxe7 16. Bxf8 ({Weaker is} 16. dxe5 Re8 $11) ({And not} 16. Qxe5 Qxe5 17. dxe5 Re8 $11) 16... Kxf8 17. dxe5 Nd7 18. e6 Nf6 19. exf7 Qxf7 20. Rae1 Ne4 21. Qe3 Re8 22. f3 Nf6 23. Qh6+ Kg8 24. Rxe8+ Qxe8 25. Qh4 Qf7 26. Re1 c5 27. Qf4 Ne8 28. Qe5 Nf6 29. Qb8+ Kg7 30. Qd8 Ng8 31. Re8 d4 32. Re4 h6 33. h4 h5 34. Qb8 Nf6 35. Qe5 Kg8 36. Rf4 Nd7 37. Qd6 $18 Qe8 38. Re4 1-0

[Event "HUN-chT Youth-Children 2018"]
[Site "Zalakaros"]
[Date "2018.07.28"]
[Round "5"]
[White "Kovacs, Bence"]
[Black "Fule, Simon"]
[Result "1-0"]
[ECO "C77"]
[WhiteElo "1994"]
[BlackElo "2061"]
[Annotator "NA RC"]
[PlyCount "111"]
[EventDate "2018.07.26"]
[EventType "team-tourn"]
[EventCountry "HUN"]
[SourceTitle "playchess.com"]
[Source "ChessBase"]
[SourceQuality "1"]
[TimeControl "5400+30"]

1. e4 e5 2. Nf3 Nc6 3. Bb5 a6 4. Ba4 Nf6 5. d3 d6 6. c3 g6 7. Nbd2 Bg7 8. Nf1 O-O 9. Ng3 b5 10. Bc2 Re8 {[%emt 0:01:58] C77: Ruy Lopez: 3...a6 4 Ba4 Nf6, unusual lines} (10... Bb7 11. h4 h5 12. Bg5 Qd7 13. O-O Nd8 14. d4 exd4 15. cxd4 Ne6 16. Bd2 d5 17. e5 Ne4 18. b4 Nxd2 19. Qxd2 {½-½ (89) Andreikin,D (2723)-Karttunen,M (2465) Minsk 2017 CBM 179 [Moradiabadi,E]}) 11. O-O Bb7 12. Re1 {[%emt 0:07:23] LiveBook: 10 Games} d5 13. Qe2 h6 14. a4 $146 ({Predecessor:} 14. Bd2 Qe7 15. a4 b4 16. Rec1 a5 17. Bb3 Rad8 {0-1 (41) Serrano Marhuenda,S (2194)-Marholev,D (2419) La Roda 2006}) 14... Qd6 15. h4 h5 16. Ng5 b4 17. Kh1 ({White should try} 17. Bd2 $11) 17... Nh7 (17... Na5 $15) 18. Nxh7 Kxh7 19. exd5 Qxd5 20. Ne4 Kh8 21. f3 f5 22. Ng5 a5 23. Qd1 Nd8 24. Bb3 Qd6 25. Bf4 Re7 26. Qe2 (26. Bg3 $16) 26... Bf6 27. Bg3 f4 (27... Bd5 $11 {bleibt in der Remisbreite.} 28. Qd1 Bxg5 29. hxg5 Bxb3 30. Qxb3 f4) 28. Ne4 (28. Bf2 $16) 28... Qc6 (28... Bxe4 $1 $11 29. Qxe4 Rb8 30. Qxg6 Nc6) 29. Bf2 bxc3 30. bxc3 Kg7 31. Nxf6 $2 ({White should try} 31. d4 $18) 31... Qxf6 32. Qc2 Qf5 33. d4 e4 34. d5 e3 35. Qxf5 gxf5 36. Bg1 c6 (36... Ba6 $16) 37. d6 Rd7 38. Rad1 Nf7 {[%emt 0:00:31] [#]} 39. Bxf7 (39. Bh2 $1 $18) 39... Kxf7 40. Bh2 Ba6 41. Bxf4 e2 42. Rb1 Ke6 43. Kg1 Kd5 44. Kf2 Re8 45. Rb6 Ra8 46. Ke3 Kc5 47. Rb2 Bc4 {[%emt 0:00:24] [#]} (47... Re8+ $16 48. Kf2 Bd3) 48. Kd2 ({White should play} 48. Rd2 $1 $18) 48... Re8 49. g3 Rg8 $1 $11 {[%emt 0:00:55] hält das Gleichgewicht.} 50. Be5 ({White should try} 50. Reb1 $16) 50... Kd5 51. Bf4 Rgg7 52. Rb8 Rb7 53. Rb1 ({Better is} 53. Re8 $16 c5 54. Ke3) 53... Rbd7 $2 (53... Rxb1 $16 54. Rxb1 Ra7) 54. Re8 c5 $18 (54... Rg6 55. Rh8 Rf7 56. Rxh5 Rg8) 55. Rb6 Rb7 56. Re5# {[%emt 0:00:11] Kxe5} 1-0

[Event "HUN-chT Youth-Children 2018"]
[Site "Zalakaros"]
[Date "2018.07.28"]
[Round "5"]
[White "Hatala, Csaba Laszlo"]
[Black "Tancsa, Tamas"]
[Result "1-0"]
[ECO "C55"]
[WhiteElo "1958"]
[BlackElo "2023"]
[Annotator "NA RC"]
[PlyCount "67"]
[EventDate "2018.07.26"]
[EventType "team-tourn"]
[EventCountry "HUN"]
[SourceTitle "playchess.com"]
[Source "ChessBase"]
[SourceQuality "1"]
[TimeControl "5400+30"]

1. e4 e5 2. Nf3 Nc6 3. Bc4 Nf6 4. d3 Be7 5. Nc3 O-O 6. O-O d6 7. h3 Na5 8. Bb3 Nxb3 {[%emt 0:00:39] LiveBook: 19 Partien} 9. axb3 h6 10. Be3 Re8 {[%emt 0:00:12] C55: Two Knights: 4 d3, 4 d4 exd4 5 e5 and Max Lange Attack} (10... a6 11. d4 exd4 12. Nxd4 Re8 13. Re1 Bf8 14. Qf3 g6 15. Rad1 Bg7 16. Nde2 Bd7 17. Nf4 Bc6 18. Nfd5 Bxd5 19. exd5 Nd7 20. Bf4 {½-½ (20) Skatchkov,P (2486)-Potapov,A (2461) Tula 2009}) 11. Re1 Bf8 $146 ({Predecessor:} 11... a6 12. Qd2 Bf8 13. Ne2 d5 14. exd5 Nxd5 15. Ng3 Nxe3 16. Rxe3 f6 17. Rae1 b5 18. d4 Bb7 19. dxe5 Qxd2 20. Nxd2 {0-1 (83) Roldan Hernandez,L (1393)-Fernandez Monreal,B (1182) Padron 2016}) 12. Nd2 c6 13. f4 d5 14. d4 $2 {[%emt 0:03:06] [#]} (14. fxe5 $11 Rxe5 15. Nf3 (15. Rxa7 Rxa7 16. Bxa7 b6 $11)) 14... exd4 ({Black should play} 14... exf4 $1 $17 15. Bxf4 dxe4) 15. Bxd4 Nxe4 16. Ndxe4 dxe4 17. Na4 (17. Rxa7 $15 Rxa7 18. Bxa7) 17... Bf5 18. Be3 Qh4 19. Qe2 Re6 (19... Qg3 $17 20. Qf2 Qxf2+ 21. Kxf2 h5) 20. Qf2 $1 Qh5 21. Qe2 Qg6 22. Kh2 h5 {[%emt 0:00:18] [#]} ({Besser ist} 22... b5 $15 23. Nc5 Ree8) 23. Nb6 $1 Rd8 24. Rxa7 Be7 25. Qf2 Bd6 (25... Bf6 $1 $11) 26. Rxb7 Qh6 27. Nc4 Bb8 28. g3 (28. Ra1 $16) 28... h4 $2 (28... Ree8 $14) 29. g4 Bxg4 30. hxg4 g5 31. Rf1 Rf6 32. Kh3 gxf4 33. Bd4 e3 (33... Rg6 $142 34. Rxb8 Rxb8 35. Qxf4 Qxf4 36. Rxf4 Re6 37. Kxh4 Rd8) 34. Nxe3 $18 1-0

[Event "HUN-chT Youth-Children 2018"]
[Site "Zalakaros"]
[Date "2018.07.28"]
[Round "5"]
[White "Juhasz, Judit"]
[Black "Geher, Koppany"]
[Result "1/2-1/2"]
[ECO "B47"]
[WhiteElo "1877"]
[BlackElo "2207"]
[Annotator "NA"]
[PlyCount "124"]
[EventDate "2018.07.26"]
[EventType "team-tourn"]
[EventCountry "HUN"]
[SourceTitle "playchess.com"]
[Source "ChessBase"]
[SourceQuality "1"]
[TimeControl "5400+30"]

1. e4 c5 2. Nf3 e6 3. d4 cxd4 4. Nxd4 Nc6 5. Nc3 Qc7 6. Be2 a6 7. O-O Nf6 8. Be3 Bb4 9. Na4 Be7 10. Nxc6 bxc6 11. Nb6 Rb8 12. Nxc8 Qxc8 13. e5 Nd5 14. Bd4 {[%emt 0:05:02] LiveBook: 18 Games B49: Sicilian: Taimanov: 5 Nc3 Qc7 6 Be3 a6 7 Be2} (14. Bc1 Bc5 15. c4 Ne7 16. b3 Qc7 17. Bb2 d6 18. exd6 Bxd6 19. g3 Be5 20. Bxe5 Qxe5 21. Re1 Rd8 22. Qc2 a5 23. Rad1 O-O 24. Bd3 Qh5 25. Be4 g6 {½-½ (64) Brkic,A (2579)-Kveinys,A (2509) Bad Wiessee 2016}) 14... c5 15. Bc3 Nxc3 16. bxc3 Qc7 $146 ({Predecessor:} 16... O-O 17. Qd3 Qc7 18. f4 Rb6 19. Rab1 Rfb8 20. Rxb6 Rxb6 21. c4 d6 {0-1 (67) Gomes,M (1692)-Marrero,J (1849) Montevideo 2018}) 17. f4 O-O 18. Kh1 d6 19. exd6 Bxd6 20. Qd2 a5 21. a4 Rfd8 22. Bb5 Be7 23. Qe3 Rb6 24. Qe4 g6 25. Rab1 Bf6 26. Rf3 Qb7 27. Qe1 Rbd6 28. Rd3 Qc7 29. Qd2 Bg7 30. Bc4 Bh6 31. Rf1 Rxd3 32. cxd3 e5 33. Qa2 exf4 ({Schwächer ist} 33... Bxf4 34. g3 $14) 34. Rb1 Qe7 35. Qf2 Re8 36. d4 cxd4 37. cxd4 Qe4 38. Rd1 Qe3 39. Qf3 Re4 40. Qxe3 fxe3 41. Bb5 $2 {[%emt 0:00:17] [#]} (41. Be2 $17 {is a better defense.}) 41... Bg7 (41... e2 $1 $19 42. Re1 Rxd4 43. Bxe2 Rxa4) 42. Kg1 (42. g3 $17) 42... Rxd4 ({But not} 42... e2 43. Re1 $17) 43. Rxd4 Bxd4 44. Kf1 f5 45. g3 Kg7 46. Ke2 Kf6 47. Kf3 Ke5 48. Bc6 $2 (48. h3 {was necessary.}) 48... g5 49. h3 {[%emt 0:00:31] [#]} h6 $2 (49... g4+ $1 50. hxg4 fxg4+ 51. Ke2 Kf6) 50. Bb7 $2 {[%emt 0:00:29] [#]} (50. g4 $17) 50... Bc5 (50... g4+ $1 $19 {und Schwarz behält klar die Oberhand.} 51. hxg4 fxg4+ 52. Ke2 Kf5) 51. Bc6 $2 (51. g4 $17) 51... Kd4 52. Ke2 {[%emt 0:00:00] [#]} Bd6 ({Better is} 52... h5 $1 $19 53. Bd7 Ke5) 53. g4 fxg4 ({Black should play} 53... f4 $19 54. Bd7 Kc4 55. Bb5+ Kc3) 54. hxg4 h5 55. gxh5 g4 ({Better is} 55... Bf8 $1 $15) 56. h6 Be5 57. h7 g3 58. Bf3 Bh8 $11 59. Bg2 Bg7 60. Bf3 Be5 61. Bg2 Bh8 62. Bf3 Be5 1/2-1/2

[Event "HUN-chT Youth-Children 2018"]
[Site "Zalakaros"]
[Date "2018.07.28"]
[Round "5"]
[White "Bernath, Bence"]
[Black "Foldes, Marton Gabor"]
[Result "0-1"]
[ECO "B44"]
[WhiteElo "1838"]
[BlackElo "1590"]
[Annotator "NA RC"]
[PlyCount "70"]
[EventDate "2018.07.26"]
[EventType "team-tourn"]
[EventCountry "HUN"]
[SourceTitle "playchess.com"]
[Source "ChessBase"]
[SourceQuality "1"]
[TimeControl "5400+30"]

1. e4 c5 2. Nf3 Nc6 3. d4 cxd4 4. Nxd4 e6 5. c4 Nf6 6. Nc3 Bb4 7. Qf3 $2 {[%emt 0:00:26] B44: Sicilian: Taimanov: 5 Nb5} (7. Nxc6 $11 bxc6 8. Bd3 e5 9. O-O O-O 10. Qe2 d6 11. Na4 d5 12. a3 Bd6 13. Bg5 h6 14. Bxf6 Qxf6 15. cxd5 cxd5 16. exd5 Qf4 17. Bb5 Bg4 {½-½ (60) Karjakin,S (2782)-Vachier Lagrave,M (2789) Paris 2018}) 7... Nxd4 8. Qd3 Nc6 9. a3 $146 ({Predecessor:} 9. Bg5 O-O 10. O-O-O Be7 11. f4 Qc7 12. Bxf6 Qxf4+ 13. Rd2 Bxf6 14. Kb1 Nb4 {0-1 (25) Arranz Granados,F-Rincon Zapatero,A Valladolid 1984}) 9... Bxc3+ 10. bxc3 O-O 11. f4 d5 12. e5 Ne4 13. Qf3 f6 14. Bd3 Nc5 15. exf6 Rxf6 16. Bc2 Ne7 17. Be3 Nd7 18. g4 Qc7 19. O-O Qxc4 20. g5 Rf8 21. h4 Nf5 22. Bf2 b6 23. Rae1 Ba6 24. Bg3 Rac8 25. Bxf5 Rxf5 26. Rf2 Qxc3 27. Rxe6 d4 28. Qg2 Nc5 29. Re5 Rxe5 30. fxe5 Qc1+ 31. Kh2 Bb7 32. Rf3 d3 33. e6 d2 34. e7 Bxf3 35. Qxf3 d1=Q 0-1

[Event "HUN-chT Youth-Children 2018"]
[Site "Zalakaros"]
[Date "2018.07.28"]
[Round "5"]
[White "Hegedus, Luca"]
[Black "Pogany, Dorka"]
[Result "1-0"]
[ECO "A40"]
[WhiteElo "1805"]
[BlackElo "1350"]
[Annotator "NA RC"]
[PlyCount "61"]
[EventDate "2018.07.26"]
[EventType "team-tourn"]
[EventCountry "HUN"]
[SourceTitle "playchess.com"]
[Source "ChessBase"]
[SourceQuality "1"]
[TimeControl "5400+30"]

1. d4 b6 2. c4 Bb7 3. Nc3 e6 4. e4 Bb4 5. Qc2 $11 {[%emt 0:00:49] LiveBook: 88 Games} Nf6 6. Bd3 d5 7. Qa4+ Qd7 8. Qxb4 dxe4 9. Be2 e3 10. f3 Qxd4 11. Nb5 Qd7 12. Bxe3 a6 13. Na3 Nc6 14. Qd2 Qe7 15. Nh3 Rd8 16. Qc3 h6 17. O-O e5 18. Rad1 O-O 19. Rfe1 Bc8 20. Nf2 Bf5 21. Bd3 Bh7 22. Bxh7+ Nxh7 23. f4 f6 24. Rxd8 Rxd8 25. fxe5 fxe5 26. Bf4 Re8 27. Qf3 Rf8 28. Qd5+ Kh8 29. Bxe5 Nf6 30. Qxc6 Qb4 31. Bc3 1-0

[Event "HUN-chT Youth-Children 2018"]
[Site "Zalakaros"]
[Date "2018.07.28"]
[Round "5"]
[White "Megyaszai, Balazs"]
[Black "Koteljarto, Aron"]
[Result "1-0"]
[ECO "B13"]
[WhiteElo "1710"]
[BlackElo "1404"]
[Annotator "NA RC"]
[PlyCount "107"]
[EventDate "2018.07.26"]
[EventType "team-tourn"]
[EventCountry "HUN"]
[SourceTitle "playchess.com"]
[Source "ChessBase"]
[SourceQuality "1"]
[TimeControl "5400+30"]

1. e4 c6 2. d4 d5 3. exd5 cxd5 4. Bd3 Nf6 5. Nf3 Nc6 6. c3 g6 7. O-O Bg7 8. h3 O-O 9. Bf4 Bd7 10. Nbd2 Rc8 11. Re1 e6 12. Bh2 a6 13. Ne5 Na5 14. Ndf3 Nc4 15. Bxc4 dxc4 16. Nxd7 Nxd7 17. Qe2 Qa5 18. a3 Qd5 19. Rad1 b5 20. Ne5 Nf6 21. Ng4 Rfd8 22. Bg3 Nxg4 23. Qxg4 Re8 24. Be5 Red8 25. Bxg7 Kxg7 26. Re5 Qc6 27. f4 Rd5 28. Rde1 Rcd8 29. Kh2 Rxe5 30. fxe5 Re8 31. Qh4 Qd7 32. Rf1 Qd8 33. Rf6 Qe7 34. g4 Qf8 35. g5 Rd8 36. Qf4 Rd7 37. h4 Rd8 38. h5 Rd7 39. hxg6 hxg6 40. Kg2 Rd5 41. Qg4 Qe8 42. Rf3 Kf8 43. Rh3 Ke7 44. Qf4 Kd7 45. Rh7 Kc6 46. Rxf7 Rd7 47. Rf6 Kc7 48. Qe4 Rg7 49. d5 exd5 50. Qxd5 Rd7 51. Qc5+ Kb8 52. Rf8 Rd2+ 53. Kf1 Rd1+ 54. Ke2 1-0